 Dungeon Crawl Stone Soup version 0.21-a0-401-g0b6bec4 (webtiles) character file.

63 SCCSCCS the Shield-Bearer (level 3, 0/30 HPs)
             Began as a Demigod Fighter on Oct 25, 2017.
             Slain by a centaur (2 damage)
             ... on level 2 of the Dungeon.
             The game lasted 00:02:36 (837 turns).

SCCSCCS the Shield-Bearer (Demigod Fighter)          Turns: 837, Time: 00:02:37

Health: 0/30       AC:  8    Str: 21    XL:     3   Next: 61%
Magic:  5/5        EV:  7    Int: 12    God:
Gold:   30         SH:  9    Dex: 15    Spells: 2/2 levels left

rFire    . . .     SeeInvis .   a - +1 war axe
rCold    . . .     Gourm    .   c - +0 shield
rNeg     . . .     Faith    .   b - +0 scale mail
rPois    .         Spirit   .   l - +0 helmet
rElec    .         Reflect  .   (no cloak)
rCorr    .         Harm     .   (no gloves)
MR       .....                  (no boots)
Stlth    ..........             (no amulet)
HPRegen  0.10/turn              (no ring)
MPRegen  0.09/turn              (no ring)

@: no status effects
A: high mp 1
a: no special abilities


You were on level 2 of the Dungeon.
You were not hungry.

You visited 1 branch of the dungeon, and saw 2 of its levels.

You collected 30 gold pieces.

Inventory:

Hand Weapons
 a - a +1 war axe (weapon)
Armour
 b - a +0 scale mail (worn)
 c - a +0 shield (worn)
 l - a +0 helmet (worn)
Jewellery
 j - a cursed -2 ring of intelligence
 m - an uncursed ring of positive energy {unknown}
Scrolls
 k - a scroll of identify
 n - a scroll of blinking {unknown}
Potions
 d - 2 potions of might
 e - 4 potions of curing
 h - 2 potions of degeneration {unknown}
 i - a potion of berserk rage {unknown}
 o - a potion of heal wounds {unknown}
Comestibles
 f - 2 bread rations
 g - a meat ration


   Skills:
 + Level 2.9 Fighting
 * Level 2.6 Axes
 * Level 3.2 Armour
 + Level 0.1 Dodging
 * Level 3.2 Shields


You had 2 spell levels left.
You didn't know any spells.

Dungeon Overview and Level Annotations

Branches:
Dungeon (2/15)


Innate Abilities, Weirdness & Mutations

You have an increased reservoir of magic. (+10% MP)


Message History

The centaur is moderately wounded.
The centaur hits you but does no damage.
The centaur barely misses you.
You barely miss the centaur.
The centaur is moderately wounded.
You block the centaur's attack. The centaur hits you.
You hit the centaur.
The centaur is heavily wounded.
You block the centaur's attack. The centaur hits you.
* * * LOW HITPOINT WARNING * * *
You block the centaur's attack.
You hit the centaur but do no damage.
The centaur is heavily wounded.
The centaur hits you.
* * * LOW HITPOINT WARNING * * *
You block the centaur's attack.
You slash the centaur!
The centaur is almost dead.
The centaur hits you.
You die...

..# #..## ....# # #...#.
#.... # .[.# .#
########.##..#
.....gc@....>#
##########(##..#
#........#.##..#
#.######†#.##..# #.#
#.#..#..# ##.# #.##.#..#
#<.# #)##....#########
#..# #.###...........#
#..######)###...<######.#


You could see a centaur and a hobgoblin.

Vanquished Creatures
  Robin (D:2)
  An adder (D:2)
  An ooze (D:1)
  A leopard gecko (D:1)
  A giant cockroach (D:2)
  13 goblins
  6 hobgoblins
  3 bats (D:1)
  4 frilled lizards
  3 kobolds (D:1)
  3 rats (D:1)
37 creatures vanquished.

Notes
Turn   | Place    | Note
-------+----------+-------------------------------------------
     0 | D:1      | SCCSCCS the Demigod Fighter began the quest for the Orb.
     0 | D:1      | Reached XP level 1. HP: 18/18 MP: 3/3
   227 | D:1      | Reached XP level 2. HP: 22/25 MP: 4/4
   746 | D:2      | Reached XP level 3. HP: 26/30 MP: 5/5
   754 | D:2      | Noticed Robin
   763 | D:2      | Killed Robin
   823 | D:2      | Noticed a centaur
   837 | D:2      | Slain by a centaur

Vault maps used:
D:1:      giann_wishing_wells, minmay_quantized
D:2:      first_bread, uniq_robin

Skill      XL: |  1  2 |
---------------+-------+-----
Axes           | 2 |  2.6
Armour         | 3 |  3.2
Shields        | 3 |  3.2
Fighting       | |  2.9
Dodging        | |  0.1

Action                   || total
-------------------------++-------
Melee: War axe           ||    94
  Use: Scroll            ||     7
Armor: Scale mail        ||    40
Dodge: Dodged            ||    27
Block: Shield            ||    61

Table legend:
 A = Spawn XP
 B = Non-spawn XP
 C = Spawn XP percentage of total XP
 D = Spawn monster count
 E = Non-spawn monster count
 F = Spawn count percentage of total count
 G = Total turns spent on level
                    A         B        C        D         E        F      G
               +---------+---------+-------+---------+---------+-------+---------
         Total |       0 |      90 |   0.0 |       0 |      37 |   0.0 |   837
               +---------+---------+-------+---------+---------+-------+---------
           D:1 |       0 |      42 |   0.0 |       0 |      23 |   0.0 |   732
           D:2 |       0 |      48 |   0.0 |       0 |      14 |   0.0 |   105
               +---------+---------+-------+---------+---------+-------+---------
